 Dungeon Crawl Stone Soup version 0.21-a0-404-g291f19a (webtiles) character file.

48095 DocClef the Blocker (level 14, -4/124 HPs)
             Began as a Gnoll Fighter on Oct 29, 2017.
             Was a High Priest of Uskayaw.
             Slain by a sixfirhy (6 damage)
             ... on level 1 of the Abyss.
             The game lasted 00:36:38 (21232 turns).

DocClef the Blocker (Gnoll Fighter)                Turns: 21232, Time: 00:36:39

Health: -4/124     AC: 34    Str: 15      XL:     14   Next: 44%
Magic:  18/18      EV: 13    Int: 10 (11) God:    Uskayaw [*****.]
Gold:   1011       SH:  0    Dex: 23      Spells: 28/31 levels left

rFire    . . .     SeeInvis .   H - +7 dire flail (protect)
rCold    . . .     Gourm    +   (shield currently unavailable)
rNeg     . . .     Faith    .   a - +0 chain mail
rPois    .         Spirit   .   m - +2 helmet
rElec    +         Reflect  .   O - +0 cloak
rCorr    .         Harm     .   F - +1 pair of gloves
MR       +....                  (no boots)
Stlth    ++........             s - amulet of the gourmand
HPRegen  0.00/turn              p - ring of Robustness {AC+8}
MPRegen  0.16/turn              J - +4 ring of dexterity

@: flayed, protection aura, non-regenerating, diseased
A: distributed training, fangs 1, [blurry vision 3], [low mp 3], robust 1,
electricity resistance, [weak 2], MP-powered wands, strong nose
a: Stomp, Line Pass, Grand Finale, Renounce Religion


You were on level 1 of the Abyss.
You worshipped Uskayaw.
Uskayaw was aware of your devotion.
You were very hungry.

You visited 3 branches of the dungeon, and saw 18 of its levels.
You visited the Abyss 1 time.
You also visited: Ossuary.

You collected 1011 gold pieces.

Inventory:

Hand Weapons
 H - a +7 dire flail of protection (weapon)
Missiles
 U - 6 tomahawks of dispersal (quivered)
Armour
 a - a +0 chain mail (worn)
 m - a +2 helmet (worn)
 F - a +1 pair of gloves (worn)
 O - a +0 cloak (worn)
Jewellery
 p - the ring of Robustness (left hand) {AC+8}
   (You found it on level 6 of the Lair of Beasts)

   [ring of protection]

   It affects your AC (+8).
 s - an amulet of the gourmand (around neck)
 D - the ring of Fifok {Fire Str+4 Dex+4}
   (You found it on level 6 of the Dungeon)

   [ring of fire]

   It enhances your fire magic.
   It affects your strength (+4).
   It affects your dexterity (+4).
   It protects you from fire.
   It makes you vulnerable to cold.
 J - a +4 ring of dexterity (right hand)
 X - an uncursed ring of protection from magic
Wands
 k - a wand of lightning (6/15)
 l - a wand of polymorph (16/24)
 o - a wand of paralysis (10/24)
 G - a wand of random effects (33/48)
 K - a wand of digging (13/24)
 L - a wand of digging (9/24)
 N - a wand of acid (0/15)
 R - a wand of flame (13/48)
 V - a wand of random effects (18/48)
 W - a wand of acid (8/15)
Scrolls
 g - 2 scrolls of teleportation
 i - 8 scrolls of remove curse
 q - 7 scrolls of fog
 u - 3 scrolls of amnesia
 I - 2 scrolls of magic mapping
 Q - 3 scrolls of fear
 S - a scroll of blinking
 Y - 3 scrolls of recharging
 Z - 5 scrolls of identify
Potions
 b - 2 potions of might
 j - 3 potions of haste
 r - 2 potions of curing
 w - 2 potions of resistance
 z - 2 potions of invisibility
 A - a potion of cancellation
 B - 2 potions of brilliance
 C - a potion of berserk rage
 M - 2 potions of flight
 P - a potion of agility
Books
 c - a book of Callings

   Spells                             Type                      Level
   a - Summon Small Mammal            Summoning                    1
   b - Call Imp                       Summoning                    2
   c - Call Canine Familiar           Summoning                    3
   d - Summon Guardian Golem          Hexes/Summoning              3
   e - Summon Lightning Spire         Summoning/Air                4
   f - Summon Ice Beast               Ice/Summoning                4
 n - a book of Maledictions

   Spells                             Type                      Level
   a - Corona                         Hexes                        1
   b - Ensorcelled Hibernation        Hexes/Ice                    2
   c - Confuse                        Hexes                        3
   d - Tukima's Dance                 Hexes                        3
   e - Dazzling Spray                 Conjuration/Hexes            3
 y - a book of Necromancy

   Spells                             Type                      Level
   a - Pain                           Necromancy                   1
   b - Animate Skeleton               Necromancy                   1
   c - Vampiric Draining              Necromancy                   3
   d - Regeneration                   Charms/Necromancy            3
   e - Animate Dead                   Necromancy                   4
   f - Control Undead                 Necromancy                   4
 T - a book of Clouds

   Spells                             Type                      Level
   a - Poisonous Vapours              Poison/Air                   2
   b - Mephitic Cloud                 Conjuration/Poison/Air       3
   c - Conjure Flame                  Conjuration/Fire             3
   d - Freezing Cloud                 Conjuration/Ice/Air          6
   e - Ring of Flames                 Charms/Fire                  7
Miscellaneous
 t - a phial of floods
Comestibles
 d - 7 meat rations
 f - 9 bread rations
 h - 10 royal jellies
 E - 31 fruits


   Skills:
 + Level 11.0 Fighting
 + Level 9.1 Short Blades
 + Level 9.1 Long Blades
 + Level 9.1 Axes
 + Level 10.1 Maces & Flails
 + Level 9.1 Polearms
 + Level 9.1 Staves
 + Level 9.1 Slings
 + Level 9.1 Bows
 + Level 9.1 Crossbows
 + Level 9.1 Throwing
 + Level 11.0 Armour
 + Level 9.1 Dodging
 + Level 9.1 Stealth
 + Level 11.0 Shields
 + Level 9.1 Unarmed Combat
 + Level 9.1 Spellcasting
 + Level 7.5 Conjurations
 + Level 7.5 Hexes
 + Level 7.5 Charms
 + Level 7.5 Summonings
 + Level 7.5 Necromancy
 + Level 7.5 Translocations
 + Level 7.5 Transmutations
 + Level 7.5 Fire Magic
 + Level 7.5 Ice Magic
 + Level 7.5 Air Magic
 + Level 7.5 Earth Magic
 + Level 7.5 Poison Magic
 + Level 9.9 Invocations
 + Level 9.1 Evocations


You had 28 spell levels left.
You knew the following spells:

 Your Spells              Type           Power        Failure   Level  Hunger
a - Tukima's Dance        Hex            ###.....     22%         3    ##.....


Dungeon Overview and Level Annotations

Branches:
Dungeon (11/15)            Temple (1/1) D:5            Lair (6/6) D:10
  Swamp (0/4) Lair:2       Spider (0/4) Lair:2        Slime (0/5) Lair:6
    Orc (0/2) D:10

Altars:
Ashenzari
Cheibriados
Dithmenos
Elyvilon
Fedhas
Gozag
Hepliaklqana
Kikubaaqudgha
Nemelex Xobeh
Okawaru
Qazlal
Ru
Sif Muna
Trog
Uskayaw
Vehumet
Wu Jian
Xom
Yredelemnul
Zin
The Shining One
Jiyva

Shops:
D:10 [

Annotations:
D:3 SkiChan's ghost, amateur GrFi
D:11 Sonja
Lair:3 exclusion: 2 oklob plants
Lair:6 1 runed door, exclusion: oklob plant


Innate Abilities, Weirdness & Mutations

Your experience applies equally to all skills.
You have very sharp teeth.
Your uncanny sense of smell can sniff out nearby items.
You are robust. (+10% HP)
You are resistant to electric shocks. (rElec)
You expend magic power (3 MP) to strengthen your wands.
[Scrolls take you much longer to read.]
[Your magical capacity is extremely low. (-30% MP)]
[You are very weak. (Str -4)]


Message History

The hellwing misses you.
The tentacled starspawn barely misses you.
The tentacled starspawn engulfs you.
* * * LOW HITPOINT WARNING * * *
You hit the wretched star.
You destroy the wretched star!
The sixfirhy barely misses you.
The sixfirhy hits you but does no damage.
The sixfirhy misses you.
The ufetubus hits you but does no damage.
The ufetubus barely misses you. The ufetubus closely misses you.
The ufetubus hits you but does no damage.
The sixfirhy hits you but does no damage.
The ufetubus hits you.
* * * LOW HITPOINT WARNING * * *
The ufetubus misses you.
Your chain mail prevents you from hitting the tentacled starspawn.
The tentacled starspawn is lightly damaged.
The sixfirhy hits you.
You die...

. .. .#. .. .#
#.. # # .#.#
..#..#. ##
##.## ##.#....
.. .##. .. ##.
......# .# . .
##. .#
#555#..#.. .##
# .## #35#....
. .
.##.#.#..#54#.
#..# . ###.##.
#5@#..... . #.
.#..#33X##...
#. .
#.5W#ww##...
.. . .
.#.######..# .
# # ######. #
## #. .... # #
. # .... #....
. . # #. .4. #


You could see a tentacled starspawn, a flayed ghost, a hellwing, a sixfirhy, a
neqoxec, a ynoxinul, 2 starspawn tentacles, an iron imp and 6 ufetubi.

Vanquished Creatures
  A deep elf elementalist (Abyss:1)
  2 dire elephants (Lair:6)
  The ghost of miscthings the Carver, a journeyman DsGl of Uskayaw (Lair:6)
  Fannar (Lair:3)
  An anaconda (Lair:6)
  5 hydras
  3 death yaks (Lair:4)
  7 two-headed ogres
  2 wretched stars (Abyss:1)
  A wizard (Abyss:1)
  A cyclops (D:11)
  A deep elf mage (D:7)
  11 elephants
  Joseph (D:8)
  4 black mambas
  A centaur skeleton (D:10)
  10 spiny frogs
  2 rime drakes
  A komodo dragon (Lair:1)
  An ancient zyme (Abyss:1)
  A jumping spider (Lair:2)
  3 trolls (D:10)
  Grinder (D:4)
  A polar bear (Lair:3)
  9 blink frogs
  2 dream sheep (D:8)
  8 raiju (Abyss:1)
  7 hippogriffs
  A wraith (D:11)
  24 yaks
  A ynoxinul (Abyss:1)
  An ice dragon skeleton (Abyss:1)
  4 basilisks
  A wyvern (D:9)
  Grum (D:8)
  Menkaure (D:4)
  2 chaos spawn (Abyss:1)
  3 hungry ghosts
  Edmund (D:5)
  3 wargs (D:10)
  An acid dragon (D:11)
  4 water moccasins
  A swamp drake (Lair:2)
  8 porcupines
  Duvessa (D:7)
  An ice beast (D:5)
  3 sky beasts
  A black bear (D:7)
  5 orc warriors
  6 ogres
  2 necrophages (D:8)
  9 wolves
  3 centaurs
  18 crocodiles
  4 big kobolds
  A gnoll sergeant (D:10)
  Dowan (D:7)
  8 bullfrogs
  3 small abominations (Abyss:1)
  A wyvern zombie (D:11)
  4 scorpions
  14 killer bees
  An electric eel (Lair:4)
  6 howler monkeys
  4 crimson imps
  5 quasits
  2 bullfrog zombies
  3 jellies
  Crazy Yiuf (D:7)
  A bullfrog skeleton (D:10)
  8 orc priests
  6 hounds
  8 orc wizards
  8 iguanas
  Natasha (thrice) (D:2)
  11 worker ants
  2 big kobold zombies (Ossuary)
  A hound zombie (D:5)
  A mummy (Ossuary)
  A worker ant zombie (D:5)
  15 gnolls
  13 adders
  A shadow imp (D:10)
  2 adder skeletons (D:5)
  2 worms
  3 dart slugs (D:2)
  3 leopard geckos
  36 orcs
  3 spectral bats (Ossuary)
  5 giant cockroaches
  9 goblins
  9 hobgoblins
  15 jackals
  11 kobolds
  4 quokkas
  A ball python (D:1)
  A ball python skeleton (D:6)
  6 bats
  A bat simulacrum (Ossuary)
  5 frilled lizards
  10 gnoll zombies (Ossuary)
  4 goblin simulacra (Ossuary)
  7 goblin zombies (Ossuary)
  2 hobgoblin zombies (Ossuary)
  A jackal skeleton (D:5)
  7 kobold simulacra (Ossuary)
  5 kobold zombies (Ossuary)
  4 orc zombies (Ossuary)
  12 rats
  5 rat simulacra (Ossuary)
  3 spectral goblins (Ossuary)
  2 spectral kobolds (Ossuary)
  7 spectral rats (Ossuary)
  2 plants (Lair:6)
519 creatures vanquished.

Vanquished Creatures (others)
  A giant cockroach (D:5)
  2 fungi (Lair:6)
  6 plants
  4 starspawn tentacles (Abyss:1)
13 creatures vanquished.

Grand Total: 532 creatures vanquished

Notes
Turn   | Place    | Note
-------+----------+-------------------------------------------
     0 | D:1      | DocClef the Gnoll Fighter began the quest for the Orb.
     0 | D:1      | Reached XP level 1. HP: 23/23 MP: 1/1
   135 | D:1      | Reached XP level 2. HP: 26/29 MP: 2/2
   393 | D:1      | Reached XP level 3. HP: 32/35 MP: 3/3
   942 | D:2      | Reached skill level 1 in Invocations
   955 | D:2      | Reached skill level 1 in Short Blades
   955 | D:2      | Reached skill level 1 in Long Blades
   955 | D:2      | Reached skill level 1 in Axes
   955 | D:2      | Reached skill level 1 in Polearms
   955 | D:2      | Reached skill level 1 in Staves
   955 | D:2      | Reached skill level 1 in Slings
   955 | D:2      | Reached skill level 1 in Bows
   955 | D:2      | Reached skill level 1 in Crossbows
   955 | D:2      | Reached skill level 1 in Throwing
   955 | D:2      | Reached skill level 1 in Dodging
   955 | D:2      | Reached skill level 1 in Stealth
   955 | D:2      | Reached skill level 1 in Unarmed Combat
   955 | D:2      | Reached skill level 1 in Spellcasting
   955 | D:2      | Reached skill level 1 in Evocations
   960 | D:2      | Reached XP level 4. HP: 34/41 MP: 5/5
  1058 | D:2      | Found a hazy altar of Hepliaklqana.
  1094 | D:2      | Noticed Natasha
  1105 | D:2      | Killed Natasha
  1105 | D:2      | Reached skill level 1 in Conjurations
  1105 | D:2      | Reached skill level 1 in Hexes
  1105 | D:2      | Reached skill level 1 in Charms
  1105 | D:2      | Reached skill level 1 in Summonings
  1105 | D:2      | Reached skill level 1 in Necromancy
  1105 | D:2      | Reached skill level 1 in Translocations
  1105 | D:2      | Reached skill level 1 in Transmutations
  1105 | D:2      | Reached skill level 1 in Fire Magic
  1105 | D:2      | Reached skill level 1 in Ice Magic
  1105 | D:2      | Reached skill level 1 in Air Magic
  1105 | D:2      | Reached skill level 1 in Earth Magic
  1105 | D:2      | Reached skill level 1 in Poison Magic
  1122 | D:2      | Found a blossoming altar of Fedhas.
  1164 | D:2      | Reached XP level 5. HP: 34/47 MP: 6/6
  1306 | D:2      | Noticed a moth of wrath
  1309 | D:2      | Found a bloodstained altar of Trog.
  1433 | D:2      | Noticed Natasha
  1443 | D:2      | Killed Natasha
  1590 | D:2      | Noticed Natasha
  1602 | D:2      | Killed Natasha
  1602 | D:2      | Reached XP level 6. HP: 53/53 MP: 8/8
  2074 | D:3      | Noticed SkiChan's ghost (amateur GrFi)
  2091 | D:4      | Reached skill level 5 in Maces & Flails
  2183 | D:4      | Noticed Menkaure
  2191 | D:4      | HP: 1/53 [Menkaure (3)]
  2194 | D:4      | Killed Menkaure
  2194 | D:4      | Reached XP level 7. HP: 2/59 MP: 10/10
  2953 | D:4      | Found a white marble altar of Elyvilon.
  2967 | D:4      | Noticed Grinder
  2997 | D:4      | Killed Grinder
  3355 | D:5      | Entered Level 5 of the Dungeon
  3405 | D:5      | Reached XP level 8. HP: 47/67 MP: 12/12
  3764 | D:5      | Noticed Edmund
  3868 | D:5      | Killed Edmund
  4146 | D:5      | Found a hide-covered altar of Uskayaw.
  4184 | D:5      | Found an ornate altar of the Wu Jian Council.
  4215 | D:5      | Became a worshipper of Uskayaw the Reveler
  4239 | D:5      | Found a sacrificial altar of Ru.
  4264 | D:5      | Reached * piety under Uskayaw
  4589 | D:5      | Found a staircase to the Ecumenical Temple.
  4672 | Temple   | Entered the Ecumenical Temple
  4912 | D:6      | Reached ** piety under Uskayaw
  5015 | D:6      | Found a sand-covered staircase.
  5038 | D:6      | Reached XP level 9. HP: 65/72 MP: 14/14
  5038 | D:6      | Reached *** piety under Uskayaw
  5040 | D:6      | Reached **** piety under Uskayaw
  5054 | Ossuary  | Entered an ossuary
  5118 | Ossuary  | Reached ***** piety under Uskayaw
  5634 | D:6      | Found a sparkling altar of Nemelex Xobeh.
  5663 | D:6      | Found an iron altar of Okawaru.
  5672 | D:6      | Got a heavily runed jade ring
  5674 | D:6      | Identified the ring of Fifok {Fire Str+4 Dex+4} (You found it on level 6 of the Dungeon)
  5904 | D:6      | Found a shadowy altar of Dithmenos.
  6032 | D:6      | Found a glowing silver altar of Zin.
  6286 | D:7      | Found a basalt altar of Yredelemnul.
  6653 | D:7      | Noticed Duvessa
  6655 | D:7      | Noticed Dowan
  6672 | D:7      | Killed Duvessa
  6679 | D:7      | Killed Dowan
  7024 | D:7      | Reached skill level 5 in Invocations
  7086 | D:7      | Found a runed door.
  7162 | D:7      | Noticed a deep elf mage
  7176 | D:7      | Killed a deep elf mage
  7176 | D:7      | Reached XP level 10. HP: 15/80 MP: 15/17
  7531 | D:7      | Noticed Crazy Yiuf
  7536 | D:7      | Killed Crazy Yiuf
  7668 | D:8      | Noticed Joseph
  7678 | D:8      | Killed Joseph
  7894 | D:8      | Noticed a two-headed ogre
  7901 | D:8      | Killed a two-headed ogre
  7901 | D:8      | Reached skill level 5 in Short Blades
  7901 | D:8      | Reached skill level 5 in Long Blades
  7901 | D:8      | Reached skill level 5 in Axes
  7901 | D:8      | Reached skill level 5 in Polearms
  7901 | D:8      | Reached skill level 5 in Staves
  7901 | D:8      | Reached skill level 5 in Slings
  7901 | D:8      | Reached skill level 5 in Bows
  7901 | D:8      | Reached skill level 5 in Crossbows
  7901 | D:8      | Reached skill level 5 in Throwing
  7901 | D:8      | Reached skill level 5 in Dodging
  7901 | D:8      | Reached skill level 5 in Stealth
  7901 | D:8      | Reached skill level 5 in Unarmed Combat
  7901 | D:8      | Reached skill level 5 in Spellcasting
  7901 | D:8      | Reached skill level 5 in Evocations
  8179 | D:8      | Found a hide-covered altar of Uskayaw.
  8187 | D:8      | Noticed a two-headed ogre
  8210 | D:8      | Killed a two-headed ogre
  8577 | D:8      | Noticed a two-headed ogre
  8586 | D:8      | Reached XP level 11. HP: 49/87 MP: 19/19
  8591 | D:8      | Killed a two-headed ogre
  8598 | D:8      | Noticed Grum
  8924 | D:8      | Killed Grum
  9025 | D:8      | Noticed a two-headed hydra
  9039 | D:8      | Killed a two-headed hydra
  9039 | D:8      | Reached skill level 5 in Conjurations
  9039 | D:8      | Reached skill level 5 in Hexes
  9039 | D:8      | Reached skill level 5 in Charms
  9039 | D:8      | Reached skill level 5 in Summonings
  9039 | D:8      | Reached skill level 5 in Necromancy
  9039 | D:8      | Reached skill level 5 in Translocations
  9039 | D:8      | Reached skill level 5 in Transmutations
  9039 | D:8      | Reached skill level 5 in Fire Magic
  9039 | D:8      | Reached skill level 5 in Ice Magic
  9039 | D:8      | Reached skill level 5 in Air Magic
  9039 | D:8      | Reached skill level 5 in Earth Magic
  9039 | D:8      | Reached skill level 5 in Poison Magic
  9174 | D:9      | Reached ****** piety under Uskayaw
  9184 | D:9      | Noticed a two-headed ogre
  9190 | D:9      | Killed a two-headed ogre
  9455 | D:9      | Found a snail-covered altar of Cheibriados.
  9791 | D:9      | You fall through a shaft for 2 floors!
  9805 | D:10     | Entered Level 10 of the Dungeon
  9908 | D:10     | Noticed a two-headed ogre
  9915 | D:10     | Killed a two-headed ogre
 10200 | D:10     | Found Yvaud's Armour Emporium.
 10255 | D:10     | Found a stormy altar of Qazlal.
 10797 | D:10     | Noticed a two-headed ogre
 10805 | D:10     | Killed a two-headed ogre
 11094 | D:10     | Reached XP level 12. HP: 87/96 MP: 22/22
 11278 | D:10     | Found a staircase to the Lair.
 11443 | D:10     | Found a staircase to the Orcish Mines.
 11879 | Lair:1   | Entered Level 1 of the Lair of Beasts
 12043 | Lair:1   | Noticed an eight-headed hydra
 12066 | Lair:1   | Killed an eight-headed hydra
 13374 | Lair:2   | Found a hole to the Spider Nest.
 13672 | Lair:2   | Found a staircase to the Swamp.
 13677 | Lair:2   | Noticed a four-headed hydra
 13691 | Lair:2   | Killed a four-headed hydra
 14445 | Lair:3   | Reached skill level 10 in Fighting
 14445 | Lair:3   | Reached skill level 10 in Armour
 14445 | Lair:3   | Reached skill level 10 in Shields
 14647 | Lair:3   | Noticed Fannar
 14666 | Lair:3   | Killed Fannar
 14764 | Lair:3   | Reached XP level 13. HP: 100/103 MP: 24/24
 15808 | Lair:4   | Gained mutation: You are resistant to electric shocks. (rElec) [potion of mutation]
 15808 | Lair:4   | Gained mutation: You expend magic power (3 MP) to strengthen your wands. [potion of mutation]
 15808 | Lair:4   | Gained mutation: You are robust. (+10% HP) [potion of mutation]
 17897 | Lair:5   | Learned a level 3 spell: Tukima's Dance
 17942 | Lair:6   | Entered Level 6 of the Lair of Beasts
 18586 | Lair:6   | Found a runed door.
 18586 | Lair:6   | Found a viscous altar of Jiyva.
 18800 | Lair:6   | Noticed miscthings's ghost (journeyman DsGl)
 18827 | Lair:6   | Killed miscthings's ghost
 19005 | Lair:6   | Noticed an acid blob
 19007 | Lair:6   | Found a staircase to the Slime Pits.
 19007 | Lair:6   | Noticed an acid blob
 19170 | Lair:6   | Reached XP level 14. HP: 63/122 MP: 26/26
 19367 | Lair:6   | Noticed a dire elephant
 19367 | Lair:6   | Noticed a dire elephant
 19368 | Lair:6   | Found the ring of Robustness {AC+8}
 19390 | Lair:6   | Killed a dire elephant
 19396 | Lair:6   | Killed a dire elephant
 20449 | D:11     | Reached skill level 10 in Maces & Flails
 20657 | D:11     | Noticed Sonja
 20676 | D:11     | Cast into level 1 of the Abyss (Sonja)
 20895 | Abyss:1  | Noticed a tentacled starspawn
 20896 | Abyss:1  | Noticed a red very ugly thing
 21189 | Abyss:1  | Noticed a deep elf elementalist
 21209 | Abyss:1  | Noticed a tentacled starspawn
 21214 | Abyss:1  | Killed a deep elf elementalist
 21230 | Abyss:1  | HP: 5/124 [tentacled starspawn (4)]
 21231 | Abyss:1  | HP: 2/124 [ufetubus[a ynoxinul] (3)]
 21232 | Abyss:1  | Slain by a sixfirhy

Vault maps used:
D:1:      saegor_arrival_miasma, minmay_vboxes
D:2:      old_standard_altar, fedhas_altar_3, kennysheep_cross_bottleneck,
          tgw_trog, uniq_natasha
D:3:      cheibriados_altar_1, old_standard_altar, first_bread
D:4:      elyvilon_altar_3, minmay_goblin_kobold_house, uniq_menkaure,
          uniq_grinder
D:5:      lemuel_crystal_altar, marbit_many_paths, minmay_temple_entry_fiery,
          basic_altar, lemuel_flamethrower_1, uniq_edmund
D:6:      nemelex_altar_shiori, zin_treasury, okawaru_trees_1,
          lemuel_round_altar, cheibrodos_sewer_entry_bend, serial_glass,
          glass_columns_a, glass_columns_a, glass_columns_a, glass_columns_a,
          glass_columns_a, glass_columns_c, item_on_display_a,
          minmay_strange_pillars, enter_ossuary_1, hangedman_decor_peaks_small
D:7:      basic_altar, guppyfry_early_elven_hall, uniq_crazy_yiuf_cottage,
          uniq_duvessa
D:8:      lemuel_doored_altar, hangedman_ranch, uniq_joseph, uniq_grum
D:9:      basic_altar, grunt_decor_mini_mirrors
D:10:     erik_lair_orcish_takeover, orc_0_dummy, serial_shops, shop,
          serial_glass, glass_columns_a, glass_columns_c,
          minmay_misc_feat_alley, nicolae_qazlal_style_of_elements
D:11:     uniq_sonja
Temple:   eino_wide_crystal_templ
Lair:1:   grunt_megastairs_1
Lair:2:   minmay_swamp_entry_reptiles, spider_nest_entry_rubble,
          serial_bayou_pond_c
Lair:3:   minmay_lair_oklob_chamber, lemuel_fruit_tree, serial_bayou_shore_b,
          uniq_fannar
Lair:6:   due_jungle_book, slime_altar_2, grunt_megastairs_2
Ossuary:  ossuary_zaba_two_paths

Skill      XL: |  1  2  3  4  5  6  7  8  9 10 11 12 13 14 |
---------------+-------------------------------------------+-----
Invocations    | 1 2 3 4 5 6 7 8 9 |  9.9
Short Blades   | 1 2 3 4 5 6 7 8 9 |  9.1
Long Blades    | 1 2 3 4 5 6 7 8 9 |  9.1
Axes           | 1 2 3 4 5 6 7 8 9 |  9.1
Polearms       | 1 2 3 4 5 6 7 8 9 |  9.1
Staves         | 1 2 3 4 5 6 7 8 9 |  9.1
Slings         | 1 2 3 4 5 6 7 8 9 |  9.1
Bows           | 1 2 3 4 5 6 7 8 9 |  9.1
Crossbows      | 1 2 3 4 5 6 7 8 9 |  9.1
Throwing       | 1 2 3 4 5 6 7 8 9 |  9.1
Dodging        | 1 2 3 4 5 6 7 8 9 |  9.1
Stealth        | 1 2 3 4 5 6 7 8 9 |  9.1
Unarmed Combat | 1 2 3 4 5 6 7 8 9 |  9.1
Spellcasting   | 1 2 3 4 5 6 7 8 9 |  9.1
Evocations     | 1 2 3 4 5 6 7 8 9 |  9.1
Conjurations   | 1 2 3 4 5 6 7 |  7.5
Hexes          | 1 2 3 4 5 6 7 |  7.5
Charms         | 1 2 3 4 5 6 7 |  7.5
Summonings     | 1 2 3 4 5 6 7 |  7.5
Necromancy     | 1 2 3 4 5 6 7 |  7.5
Translocations | 1 2 3 4 5 6 7 |  7.5
Transmutations | 1 2 3 4 5 6 7 |  7.5
Fire Magic     | 1 2 3 4 5 6 7 |  7.5
Ice Magic      | 1 2 3 4 5 6 7 |  7.5
Air Magic      | 1 2 3 4 5 6 7 |  7.5
Earth Magic    | 1 2 3 4 5 6 7 |  7.5
Poison Magic   | 1 2 3 4 5 6 7 |  7.5
Maces & Flails | 5 6 7 8 9 10 | 10.1
Fighting       | 7 8 9 10 11 | 11.0
Armour         | 7 8 9 10 11 | 11.0
Shields        | 7 8 9 10 11 | 11.0

Action                   |  1- 3 |  4- 6 |  7- 9 | 10-12 | 13-15 || total
-------------------------+-------+-------+-------+-------+-------++-------
Melee: Flail             |    46 |       |       |       |       ||    46
       Bite              |     9 |    26 |    96 |   130 |   119 ||   380
       Short sword       |    62 |   182 |   309 |       |       ||   553
       Dire flail        |       |       |   377 |   663 |   564 ||  1604
 Cast: Tukima's Dance    |       |       |       |       |     1 ||     1
Invok: Stomp             |       |       |       |       |     1 ||     1
Evoke: Wand              |       |       |       |    13 |       ||    13
  Use: Potion            |       |     1 |     2 |     4 |     9 ||    16
       Scroll            |       |       |    10 |    13 |     8 ||    31
 Stab: Paralysed         |       |       |    11 |    49 |    37 ||    97
       Confused          |       |       |       |     1 |       ||     1
       Sleeping          |       |       |       |       |     2 ||     2
  Eat: Chunk             |       |     4 |    15 |    25 |     9 ||    53
       Bread ration      |       |       |     1 |     1 |     1 ||     3
       Meat ration       |       |       |       |       |     1 ||     1
Armor: Scale mail        |    38 |    50 |    99 |       |       ||   187
       Chain mail        |       |       |   192 |   356 |   335 ||   883
Dodge: Dodged            |    30 |    42 |   240 |   512 |   460 ||  1284
Block: Shield            |    57 |    73 |   144 |       |       ||   274

Table legend:
 A = Spawn XP
 B = Non-spawn XP
 C = Spawn XP percentage of total XP
 D = Spawn monster count
 E = Non-spawn monster count
 F = Spawn count percentage of total count
 G = Total turns spent on level
                    A         B        C        D         E        F      G
               +---------+---------+-------+---------+---------+-------+---------
         Total |    6474 |   62234 |   9.4 |      18 |     499 |   3.5 | 21232
               +---------+---------+-------+---------+---------+-------+---------
           D:1 |       0 |      45 |   0.0 |       0 |      29 |   0.0 |   863
           D:2 |       0 |     316 |   0.0 |       0 |      34 |   0.0 |  1079
           D:3 |       0 |       3 |   0.0 |       0 |       2 |   0.0 |   135
           D:4 |       0 |     813 |   0.0 |       0 |      24 |   0.0 |  1278
           D:5 |       0 |    1022 |   0.0 |       0 |      31 |   0.0 |  1580
           D:6 |       0 |     723 |   0.0 |       0 |      32 |   0.0 |   678
           D:7 |       0 |    1765 |   0.0 |       0 |      25 |   0.0 |  1524
           D:8 |       0 |    6963 |   0.0 |       0 |      44 |   0.0 |  1139
           D:9 |       0 |    2312 |   0.0 |       0 |      22 |   0.0 |  1205
          D:10 |       0 |    6442 |   0.0 |       0 |      51 |   0.0 |  2035
          D:11 |       0 |    2204 |   0.0 |       0 |      10 |   0.0 |   316
        Lair:1 |       0 |    2642 |   0.0 |       0 |       8 |   0.0 |  1338
        Lair:2 |       0 |    4657 |   0.0 |       0 |      26 |   0.0 |  1128
        Lair:3 |       0 |    6325 |   0.0 |       0 |      26 |   0.0 |  1354
        Lair:4 |       0 |    9366 |   0.0 |       0 |      23 |   0.0 |  1679
        Lair:5 |       0 |    4968 |   0.0 |       0 |      17 |   0.0 |   917
        Lair:6 |       0 |   10434 |   0.0 |       0 |      26 |   0.0 |  1920
       Abyss:1 |    6474 |    1094 |  85.5 |      18 |       6 |  75.0 |   556
       Ossuary |       0 |     140 |   0.0 |       0 |      63 |   0.0 |   452
               +---------+---------+-------+---------+---------+-------+---------
